 Dungeon Crawl Stone Soup version 0.28.0-45-g0d030f2227 (webtiles) character file.

Game seed: 10110648582140838500

124261 McKennaii the Sorcerer (level 16, 0/80 HPs)
             Began as a Deep Elf Ice Elementalist on Apr 17, 2022.
             Was a High Priest of Sif Muna.
             Killed by divine providence
             ... invoked by a meliai
              (9 damage)
             ... on level 2 of the Spider Nest.
             The game lasted 01:09:47 (38268 turns).

McKennaii the Sorcerer (Deep Elf Ice Elementalist) Turns: 38268, Time: 01:09:48

Health: 0/80       AC: 10    Str:  9    XL:     16   Next: 38%
Magic:  48/48      EV: 22    Int: 47    God:    Sif Muna [*****.]
Gold:   1583       SH:  0    Dex: 19    Spells: 40/67 levels left

rFire   + . .      SeeInvis +   s - staff of fire
rCold   x . .      Faith    .   (no shield)
rNeg    . . .      Spirit   .   X - +1 robe of Dim Light {rElec rC- Int+5 Slay+3}
rPois   .          Reflect  .   W - +1 helmet "Qaeruj Jade" {Str+4 Int+3}
rElec   +          Harm     .   p - scarf {repulsion}
rCorr   .          Rampage  .   G - +2 pair of gloves of Ceivecih {Slay+6}
Will    +....                   (no boots)
Stlth   +++++.....              V - amulet of the Past {RegenMP Dex+4}
HPRegen 0.23/turn               y - ring of see invisible
MPRegen 0.71/turn               i - +6 ring of intelligence

@: repel missiles
A: iridescent scales 1, clever 2, no potion heal 1
a: Renounce Religion, Channel Magic, Forget Spell, Divine Exegesis


You were on level 2 of the Spider Nest.
You worshipped Sif Muna.
Sif Muna was extremely pleased with you.
You visited 4 branches of the dungeon, and saw 25 of its levels.
You also visited: Gauntlet.

You collected 2802 gold pieces.
You spent 1219 gold pieces at shops.

Inventory:

Armour
 p - a scarf of repulsion (worn)
 w - the +2 ring mail of the Hanged Man {rC+}
   (You found it on level 5 of the Dungeon)

   rC:        It protects you from cold.
 F - a +2 robe of cold resistance
 G - the +2 pair of gloves of Ceivecih (worn) {Slay+6}
   (You acquired it on level 2 of the Orcish Mines)

   Slay:      It affects your accuracy & damage with ranged weapons and melee
   (+6).
 R - a +1 kite shield of protection
 W - the +1 helmet "Qaeruj Jade" (worn) {Str+4 Int+3}
   (You found it in a Gauntlet)

   Str:       It affects your strength (+4).
   Int:       It affects your intelligence (+3).
 X - the +1 robe of Dim Light (worn) {rElec rC- Int+5 Slay+3}
   (You found it in a Gauntlet)

   Int:       It affects your intelligence (+5).
   Slay:      It affects your accuracy & damage with ranged weapons and melee
   (+3).
   rC:        It makes you vulnerable to cold.
   rElec:     It insulates you from electricity.
Magical Staves
 s - a staff of fire (weapon)
Jewellery
 b - a ring of willpower
 d - a ring of ice
 f - a ring of poison resistance
 i - a +6 ring of intelligence (right hand)
 y - a ring of see invisible (left hand)
 I - a ring of protection from fire
 V - the amulet of the Past (around neck) {RegenMP Dex+4}
   (You found it in a Gauntlet)

   [amulet of magic regeneration]

   It increases your rate of magic regeneration.
   Dex:       It affects your dexterity (+4).
Wands
 v - a wand of paralysis (16)
 z - a wand of iceblast (24)
 E - a wand of acid (3)
 K - a wand of charming (15)
 L - a wand of mindburst (8)
 Q - a wand of digging (11)
 S - a wand of polymorph (4)
 T - a wand of flame (65)
Scrolls
 a - 2 scrolls of enchant weapon
 c - 6 scrolls of fear
 h - a scroll of amnesia
 j - 5 scrolls of brand weapon
 k - 10 scrolls of teleportation
 l - 5 scrolls of vulnerability
 m - a scroll of torment
 n - 4 scrolls of immolation
 q - 3 scrolls of summoning
 u - 8 scrolls of fog
 M - 2 scrolls of blinking
 N - 7 scrolls of identify
 P - 2 scrolls of magic mapping
 U - a scroll of enchant armour
 Y - a scroll of holy word
Potions
 e - 9 potions of curing
 g - 6 potions of might
 o - 3 potions of magic
 r - a potion of ambrosia
 t - 2 potions of mutation
 x - 2 potions of brilliance
 A - 6 potions of attraction
 B - 4 potions of heal wounds
 C - 4 potions of haste
 D - 3 potions of flight
 H - a potion of berserk rage
 J - 3 potions of resistance
 O - 5 potions of lignification


   Skills:
 - Level 2.0 Fighting
 - Level 15.0 Dodging
 - Level 10.0 Stealth
 + Level 26.3 Spellcasting
 + Level 9.4 Conjurations
 - Level 10.0 Ice Magic
 + Level 11.5 Earth Magic


You had 40 spell levels left.
You knew the following spells:

 Your Spells              Type           Power      Damage    Failure   Level
a - Freeze                Ice            100%       1d11      0%          1
b - Ozocubu's Armour      Ice            100%       N/A       0%          3
c - Frozen Ramparts       Ice            100%       1d12      0%          3
d - Stone Arrow           Conj/Erth      100%       3d13      0%          3
e - Hailstorm             Conj/Ice       100%       3d20      1%          4
f - Iron Shot             Conj/Erth      51%        9d10      1%          6
g - Ozocubu's Refrigerat  Ice            51%        4d15      2%          7

Your spell library contained the following spells:

 Spells                   Type           Power      Damage    Failure   Level
 Magic Dart               Conj           100%       1d8       0%          1
 Sandblast                Erth           100%       2d20      0%          1
 Animate Skeleton         Necr           100%       N/A       1%          1
 Pain                     Necr           100%       1d9       1%          1
 Sting                    Tmut/Pois      100%       1d8       1%          1
 Call Imp                 Summ           58%        N/A       1%          2
 Ensorcelled Hibernation  Hex/Ice        100%       N/A       1%          2
 Passwall                 Tmut/Erth      71%        N/A       1%          2
 Poisonous Vapours        Pois/Air       100%       N/A       1%          2
 Sublimation of Blood     Necr           58%        N/A       1%          2
 Confusing Touch          Hex            58%        N/A       1%          3
 Lesser Beckoning         Tloc           58%        N/A       1%          3
 Mephitic Cloud           Conj/Pois/Air  75%        N/A       1%          3
 Vampiric Draining        Necr           58%        2d10      1%          3
 Airstrike                Air            29%        N/A       1%          4
 Animate Dead             Necr           29%        N/A       1%          4
 Cause Fear               Hex            29%        N/A       1%          4
 Ice Form                 Ice/Tmut       83%        N/A       1%          4
 Iskenderun's Mystic Bla  Conj/Tloc      82%        2d16      1%          4
 Leda's Liquefaction      Hex/Erth       43%        N/A       1%          4
 Olgreb's Toxic Radiance  Pois           58%        N/A       1%          4
 Petrify                  Tmut/Erth      86%        N/A       1%          4
 Summon Ice Beast         Ice/Summ       83%        N/A       1%          4
 Summon Lightning Spire   Summ/Air       58%        N/A       1%          4
 Borgnjor's Vile Clutch   Necr/Erth      43%        N/A       1%          5
 Irradiate                Conj/Tmut      41%        3d27      1%          5
 Lightning Bolt           Conj/Air       41%        1d60      1%          5
 Metabolic Englaciation   Hex/Ice        41%        N/A       1%          5
 Simulacrum               Ice/Necr       41%        N/A       4%          6
 Excruciating Wounds      Necr           29%        N/A       5%          5
 Manifold Assault         Tloc           58%        N/A       5%          5
 Summon Mana Viper        Hex/Summ       58%        N/A       5%          5
 Yara's Violent Unravell  Hex/Tmut       29%        3d12      5%          5
 Death Channel            Necr           29%        N/A       30%         6
 Enfeeble                 Hex            29%        N/A       86%         7
 Haunt                    Necr/Summ      29%        N/A       86%         7
 Shatter                  Erth           53%        3d40*     88%         9
 Borgnjor's Revivificati  Necr           29%        N/A       100%        8
 Disjunction              Tloc           29%        N/A       100%        8
 Infestation              Necr           29%        N/A       100%        8
 Necromutation            Tmut/Necr      29%        N/A       100%        8
 Death's Door             Necr           29%        N/A       100%        9


Dungeon Overview and Level Annotations

Branches:
Dungeon (15/15)            Temple (0/1) D:7            Lair (6/6) D:10
 Shoals (0/4) Lair:2       Spider (2/4) Lair:3        Slime (0/5) Lair:5
    Orc (2/2) D:10            Elf (0/3) Orc:2        Vaults (0/5) D:14
 Depths (0/4) D:15        Gauntlet (visited)

Altars:
Ashenzari
Fedhas
Kikubaaqudgha
Makhleb
Nemelex Xobeh
Okawaru
Qazlal
Sif Muna
Trog
Uskayaw
Wu Jian
Zin
The Shining One

Shops:
D:7 ((*?:   D:14 ?   Orc:2 ?(!?

Annotations:
Spider:2 Arachne


Innate Abilities, Weirdness & Mutations

You are partially covered in iridescent scales. (AC +2)
Your mind is very acute. (Int +4)
Potions are less effective at restoring your health.


Message History

Your icy armour will break if you move.
Continue?
Magic restored.
You feel extremely sick.
You hear a hideous shriek!
You hear a chilling moan.
You hear an angry hiss.
The meliai hits you but does no damage. The meliai closely misses you.
The jumping spider pounces on you.
The jumping spider bites you but does no damage.
The tarantella misses you. The broodmother closely misses you.
The meliai calls down the wrath of its god upon you.
Something smites you!
The jumping spider leaps!
The tarantella completely misses you.
In your confused state, you trip and fall back down the stairs.
* * * LOW HITPOINT WARNING * * *
You feel extremely sick. The meliai closely misses you. The meliai misses you.
The redback completely misses you.
The jumping spider leaps!
Unknown command.
Unknown command.
Your system partially rejects the healing.
You feel better. The meliai hits you but does no damage.
The meliai barely misses you. The redback barely misses you.
The culicivora bites you but does no damage.
The redback barely misses you. The meliai hits you but does no damage.
The meliai stings you but does no damage.
The meliai closely misses you. x2; The redback barely misses you.
The jumping spider leaps!
Unknown command.
Unknown command.
Blink to where?
Press: ? - help, Dir - move target Your icy armour will break if you move.
Continue?
Your icy armour cracks and falls away as you move.
As you read the scroll of blinking, it crumbles to dust.
The meliai calls down the wrath of its god upon you.
Something smites you!
* * * LOW HITPOINT WARNING * * *
The jumping spider leaps!
The meliai calls down the wrath of its god upon you.
Something smites you!
You die...

.........°...#...#
#... #Bss....#..
.... ... #s.ss.○^#
... . ..
#.y..s........ .#
.......y....... ...
#......#!...#.#.#..
...B..#.....°....
.......^.#s....#
...#...^.....@#. .
..^....#..#..#...#
.. ........#.#
.........#.##
#.#........
.#..^.....(..#
^....#.#.#..##
#....<....#
...#.§..#..#...


You could see a broodmother, 2 culicivoras, a jumping spider, a tarantella, 2
redbacks and 2 meliai.

Vanquished Creatures
  An emperor scorpion (Spider:1)
  An entropy weaver (Gauntlet)
  A minotaur (Gauntlet)
  Snorg (Orc:2)
  Josephine (D:12)
  15 hydras
  A fire dragon (Lair:6)
  A great orb of eyes (Gauntlet)
  2 boulder beetles
  6 ogre magi
  Harold (D:11)
  A jorogumo (Spider:2)
  A radroach (Spider:1)
  7 centaur warriors
  23 two-headed ogres
  6 death yaks
  Urug (Lair:6)
  2 tengu warriors
  Sonja (Lair:1)
  A sun moth (Spider:2)
  6 skeletal warriors
  2 orb spiders
  Pikel (D:6)
  2 wizards
  A lindwurm (Lair:6)
  A deep elf zephyrmancer (D:15)
  3 orc knights
  6 ugly things
  A necromancer (D:15)
  3 orc sorcerers
  9 wolf spiders (Spider:1)
  5 cyclopes
  A cyclops (shapeshifter) (D:15)
  7 elephants
  A merfolk siren (Lair:2)
  4 black mambas
  6 centaur zombies
  5 manticores
  An ice statue (D:9)
  A naga mage (D:15)
  2 gargoyles
  10 cane toads
  2 kobold demonologists
  2 molten gargoyles (Lair:6)
  3 efreet (D:14)
  17 komodo dragons
  Psyche (D:9)
  3 rime drakes
  A yaktaur (shapeshifter) (D:11)
  3 meliai (D:15)
  7 trolls
  A merfolk (Lair:2)
  A meliai (shapeshifter) (D:11)
  4 polar bears
  Prince Ribbit (D:6)
  6 slime creatures
  9 dream sheep (Lair:6)
  9 tarantellas
  10 blink frogs (Lair:4)
  6 jumping spiders
  4 centaur simulacra (Gauntlet)
  9 wraiths
  42 yaks
  4 culicivoras (Spider:1)
  10 wyverns
  6 basilisks
  Grum (D:11)
  11 vampire mosquitoes
  19 redbacks
  3 steam dragons
  3 wargs
  An acid dragon (D:8)
  24 water moccasins
  4 hell hounds (Lair:6)
  An ice beast (D:7)
  2 black bears
  22 orc warriors
  2 sky beasts
  34 ogres
  18 wolves
  5 necrophages (Lair:2)
  20 centaurs
  3 lemures (D:6)
  4 kobold brigands
  3 gnoll sergeants
  12 bullfrogs
  2 scorpions
  A killer bee (D:10)
  4 wights
  An electric eel (Lair:1)
  5 lava snakes (Lair:6)
  A crimson imp (D:6)
  6 howler monkeys
  A bullfrog zombie (D:7)
  A wyvern simulacrum (Gauntlet)
  4 hounds
  5 jellies
  2 bullfrog skeletons
  3 gnoll shamans
  15 orc priests
  8 centaur skeletons
  2 iguanas (D:5)
  26 orc wizards
  4 hell rats (Lair:1)
  A hound skeleton (D:4)
  2 howler monkey zombies
  4 adders
  26 gnolls
  3 white imps
  2 worms
  3 dart slugs
  67 orcs
  6 endoplasms
  3 giant cockroaches (D:1)
  6 goblins
  5 hobgoblins
  12 jackals
  3 quokkas
  10 ball pythons
  4 bats
  4 frilled lizards
  A goblin skeleton (D:6)
  2 goblin zombies (D:6)
  2 hobgoblin zombies (D:6)
  22 kobolds
  A kobold skeleton (D:6)
  A kobold zombie (D:6)
  2 orc skeletons (D:6)
  An orc zombie (D:6)
  4 rats
  A butterfly (Lair:1)
794 creatures vanquished.

Vanquished Creatures (others)
  A culicivora (Spider:1)
  An orc warrior (Orc:1)
  An orc (Orc:1)
  16 fungi
  33 plants
52 creatures vanquished.

Grand Total: 846 creatures vanquished

Notes
Turn   | Place    | Note
-------+----------+-------------------------------------------
     0 | D:1      | McKennaii the Deep Elf Ice Elementalist began the quest for
                  | the Orb.
     0 | D:1      | Reached XP level 1. HP: 10/10 MP: 6/6
   226 | D:1      | Reached XP level 2. HP: 14/15 MP: 6/8
   743 | D:1      | Reached XP level 3. HP: 14/19 MP: 7/10
  1525 | D:2      | Found a faded altar of an unknown god.
  1899 | D:2      | Reached skill level 4 in Spellcasting
  1938 | D:2      | Reached XP level 4. HP: 24/24 MP: 10/12
  1942 | D:2      | Learned a level 3 spell: Ozocubu's Armour
  1946 | D:2      | Learned a level 3 spell: Frozen Ramparts
  1950 | D:2      | Learned a level 3 spell: Stone Arrow
  2785 | D:3      | Reached skill level 5 in Ice Magic
  2831 | D:3      | Found a stormy altar of Qazlal.
  2909 | D:3      | Found a blossoming altar of Fedhas.
  3055 | D:3      | Gained mutation: You are frail. (-10% HP) [potion of
                  | mutation]
  3055 | D:3      | Gained mutation: You are dopey. (Int -2) [potion of
                  | mutation]
  3055 | D:3      | Gained mutation: You are partially covered in iridescent
                  | scales. (AC +2) [potion of mutation]
  3057 | D:3      | Lost mutation: You are partially covered in iridescent
                  | scales. (AC +2) [potion of mutation]
  3057 | D:3      | Lost mutation: You are frail. (-10% HP) [potion of
                  | mutation]
  3057 | D:3      | Lost mutation: You are dopey. (Int -2) [potion of mutation]
  3057 | D:3      | Gained mutation: You are partially covered in iridescent
                  | scales. (AC +2) [potion of mutation]
  3057 | D:3      | Gained mutation: Your mind is acute. (Int +2) [potion of
                  | mutation]
  3057 | D:3      | Gained mutation: Potions are less effective at restoring
                  | your health. [potion of mutation]
  3057 | D:3      | Gained mutation: Your mind is very acute. (Int +4) [potion
                  | of mutation]
  4192 | D:4      | Reached XP level 5. HP: 28/28 MP: 9/13
  4327 | D:4      | Reached skill level 1 in Conjurations
  4327 | D:4      | Reached skill level 1 in Earth Magic
  4539 | D:4      | Found a shimmering blue altar of Sif Muna.
  4545 | D:4      | Became a worshipper of Sif Muna the Loreminder
  4595 | D:4      | Reached XP level 6. HP: 32/32 MP: 11/15
  4906 | D:4      | Reached skill level 5 in Spellcasting
  5115 | D:5      | Entered Level 5 of the Dungeon
  5292 | D:5      | Found a bloodstained altar of Trog.
  5383 | D:5      | Found an ancient bone altar of Kikubaaqudgha.
  5406 | D:5      | Reached skill level 5 in Stealth
  5406 | D:5      | Reached XP level 7. HP: 36/36 MP: 10/17
  5430 | D:5      | Identified the +2 ring mail of the Hanged Man {rC+}
  5529 | D:5      | Reached skill level 5 in Dodging
  5656 | D:5      | Reached skill level 6 in Spellcasting
  5752 | D:5      | Reached * piety under Sif Muna
  5753 | D:5      | Reached skill level 7 in Spellcasting
  5882 | D:5      | Noticed a wraith
  5893 | D:5      | Killed a wraith
  5894 | D:5      | Reached XP level 8. HP: 41/41 MP: 7/21
  6046 | D:5      | Learned a level 4 spell: Hailstorm
  6440 | D:6      | Found a broken altar of Ashenzari.
  6598 | D:6      | Noticed Pikel
  6605 | D:6      | Killed Pikel
  6606 | D:6      | Reached skill level 9 in Spellcasting
  6681 | D:6      | Noticed Prince Ribbit
  6685 | D:6      | Killed Prince Ribbit
  6734 | D:6      | Reached skill level 1 in Fighting
  6734 | D:6      | Reached XP level 9. HP: 20/47 MP: 11/24
  7078 | D:6      | Found a glowing golden altar of the Shining One.
  7602 | D:6      | Reached skill level 10 in Spellcasting
  7663 | D:7      | Found a staircase to the Ecumenical Temple.
  7685 | D:7      | Reached ** piety under Sif Muna
  7726 | D:7      | Found Sahaalu's Antique Weapon Shop.
  7728 | D:7      | Found Fecsipn's Assorted Antiques.
  7728 | D:7      | Found Plog's Magic Scroll Shop.
  7777 | D:7      | Found Ciyton's Book Shop.
  7865 | D:7      | Found Umekk's Weapon Boutique.
  8123 | D:7      | Bought a grey potion for 17 gold pieces
  8123 | D:7      | Bought a scroll labelled REAMIV OROOTIL for 19 gold pieces
  8123 | D:7      | Bought a scroll labelled QEWIOMUTWA for 19 gold pieces
  8123 | D:7      | Bought a scroll labelled CATZOT VANICA for 19 gold pieces
  8129 | D:7      | Bought a scroll of teleportation for 42 gold pieces
  8129 | D:7      | Bought a scroll of teleportation for 42 gold pieces
  8129 | D:7      | Bought a scroll of identify for 28 gold pieces
  8129 | D:7      | Bought a scroll of identify for 28 gold pieces
  8129 | D:7      | Bought a scroll of identify for 28 gold pieces
  8129 | D:7      | Bought a scroll of fog for 28 gold pieces
  8882 | D:7      | Reached skill level 11 in Spellcasting
  8917 | D:7      | Found an ornate altar of the Wu Jian Council.
  8928 | D:7      | Reached skill level 10 in Ice Magic
  9043 | D:7      | Found a glowing silver altar of Zin.
  9674 | D:8      | Found a hide-covered altar of Uskayaw.
  9677 | D:8      | Reached XP level 10. HP: 53/53 MP: 20/27
 10202 | D:8      | Found an iron altar of Okawaru.
 10305 | D:9      | Noticed a two-headed ogre
 10311 | D:9      | Killed a two-headed ogre
 10312 | D:9      | Reached skill level 12 in Spellcasting
 10529 | D:9      | Found a burning altar of Makhleb.
 10603 | D:9      | Reached skill level 13 in Spellcasting
 10720 | D:9      | Noticed an ice statue
 10930 | D:9      | Reached *** piety under Sif Muna
 11157 | D:9      | Noticed Psyche
 11163 | D:9      | Killed Psyche
 11379 | D:9      | Killed an ice statue
 11380 | D:9      | Reached skill level 14 in Spellcasting
 11510 | D:10     | Entered Level 10 of the Dungeon
 11546 | D:10     | Found a sparkling altar of Nemelex Xobeh.
 11600 | D:10     | Found a staircase to the Lair.
 11602 | D:10     | Noticed an elephant
 11755 | D:10     | Killed an elephant
 11756 | D:10     | Reached skill level 15 in Spellcasting
 11847 | D:10     | Noticed a centaur warrior
 11847 | D:10     | Noticed a wizard
 12215 | D:10     | Reached skill level 16 in Spellcasting
 12421 | D:10     | Noticed a centaur warrior
 12425 | D:10     | Killed a centaur warrior
 12426 | D:10     | Reached XP level 11. HP: 36/57 MP: 10/33
 12429 | D:10     | Noticed a two-headed ogre
 12530 | D:10     | Found a staircase to the Orcish Mines.
 12735 | D:10     | Killed a two-headed ogre
 12737 | D:10     | Killed a centaur warrior
 12844 | D:10     | Reached **** piety under Sif Muna
 13230 | D:10     | Killed a wizard
 13231 | D:10     | Reached skill level 17 in Spellcasting
 13327 | D:10     | Reached skill level 10 in Dodging
 13437 | D:10     | Noticed a purple ugly thing
 13443 | D:10     | Killed a purple ugly thing
 13872 | Lair:1   | Entered Level 1 of the Lair of Beasts
 14126 | Lair:1   | Noticed Sonja
 14129 | Lair:1   | Killed Sonja
 14238 | Lair:1   | Reached skill level 18 in Spellcasting
 14507 | Lair:1   | Noticed a six-headed hydra
 14541 | Lair:1   | Killed a six-headed hydra
 14542 | Lair:1   | Reached XP level 12. HP: 54/62 MP: 7/36
 15377 | Lair:1   | You fall into a shaft and drop 1 floor!
 15506 | Lair:2   | Reached ***** piety under Sif Muna
 15662 | Lair:2   | Reached skill level 19 in Spellcasting
 16576 | Lair:2   | Found a staircase to the Shoals.
 17411 | Lair:3   | Received a gift from Sif Muna
 17412 | Lair:3   | Noticed a six-headed hydra
 17414 | Lair:3   | Noticed a four-headed hydra
 17578 | Lair:3   | Reached skill level 10 in Stealth
 17674 | Lair:3   | Reached skill level 20 in Spellcasting
 17989 | Lair:3   | Found a hole to the Spider Nest.
 18129 | Lair:3   | Killed a six-headed hydra
 18192 | Lair:3   | Killed a four-headed hydra
 18193 | Lair:3   | Reached XP level 13. HP: 17/66 MP: 21/39
 18768 | Lair:4   | Reached skill level 21 in Spellcasting
 19942 | Lair:5   | Found a staircase to the Slime Pits.
 20468 | Lair:5   | Reached skill level 22 in Spellcasting
 21595 | Lair:6   | Entered Level 6 of the Lair of Beasts
 21614 | Lair:6   | Reached skill level 23 in Spellcasting
 22112 | Lair:6   | Noticed Urug
 22121 | Lair:6   | Killed Urug
 22697 | Lair:5   | Reached XP level 14. HP: 64/72 MP: 5/43
 23044 | Lair:6   | Received a gift from Sif Muna
 23045 | Lair:6   | Got Sif Muna's Incunabulum of the Evil Rocks {god gift}
 23053 | Lair:6   | Learned a level 6 spell: Iron Shot
 24261 | Lair:6   | Found a large runed translucent door.
 24304 | Lair:6   | Found a large runed translucent door.
 24476 | Lair:6   | Reached skill level 24 in Spellcasting
 24705 | Orc:1    | Entered Level 1 of the Orcish Mines
 25425 | Orc:1    | You fall into a shaft and drop 1 floor!
 25425 | Orc:2    | Entered Level 2 of the Orcish Mines
 25451 | Orc:2    | Identified a scroll of acquirement
 25451 | Orc:2    | Acquired the +2 pair of gloves of Ceivecih {Slay+6}
 25559 | Orc:2    | Reached skill level 5 in Earth Magic
 25561 | Orc:2    | Noticed Snorg
 25565 | Orc:2    | Found Haemm's Magic Scroll Boutique.
 25565 | Orc:2    | Found Coaziash's Distillery.
 25565 | Orc:2    | Found Leocergh's Antique Weapon Emporium.
 25565 | Orc:2    | Found Wipromoo's Magic Scroll Shop.
 25733 | Orc:2    | Killed Snorg
 25776 | Orc:2    | Found a staircase to the Elven Halls.
 26747 | Orc:2    | Received a gift from Sif Muna
 26748 | Orc:2    | Got Teproolo's Papyrus of Evil Rituals and the Snowflakes
                  | {god gift}
 27570 | Orc:2    | Reached skill level 15 in Dodging
 27749 | Orc:2    | Bought a scroll of blinking for 82 gold pieces
 27749 | Orc:2    | Bought a scroll of teleportation for 33 gold pieces
 27749 | Orc:2    | Bought a scroll of fear for 38 gold pieces
 27749 | Orc:2    | Bought a scroll of identify for 22 gold pieces
 27749 | Orc:2    | Bought a scroll of identify for 22 gold pieces
 27749 | Orc:2    | Bought a scroll of identify for 22 gold pieces
 27749 | Orc:2    | Bought a scroll of identify for 22 gold pieces
 27757 | Orc:2    | Bought a potion of curing for 36 gold pieces
 27757 | Orc:2    | Bought a potion of curing for 36 gold pieces
 27757 | Orc:2    | Bought a potion of magic for 96 gold pieces
 27757 | Orc:2    | Bought a potion of lignification for 36 gold pieces
 27757 | Orc:2    | Bought a potion of lignification for 36 gold pieces
 27757 | Orc:2    | Bought a potion of brilliance for 48 gold pieces
 27757 | Orc:2    | Bought a potion of flight for 36 gold pieces
 27758 | Orc:2    | Bought a scroll of blinking for 105 gold pieces
 27758 | Orc:2    | Bought a scroll of teleportation for 42 gold pieces
 28290 | D:11     | Noticed Harold
 28374 | D:11     | Reached XP level 15. HP: 76/76 MP: 33/45
 28682 | D:11     | Killed Harold
 29281 | D:11     | Noticed Grum
 29286 | D:11     | Killed Grum
 29625 | D:12     | Noticed Josephine
 29629 | D:12     | Reached skill level 25 in Spellcasting
 29635 | D:12     | Killed Josephine
 30876 | D:13     | Reached skill level 5 in Conjurations
 31475 | D:13     | Received a gift from Sif Muna
 31479 | D:13     | Got Ciankam's Tome of Dark Curses {god gift}
 32087 | D:14     | Found a gate leading to a gauntlet.
 32092 | Gauntlet | Entered a Gauntlet
 32092 | Gauntlet | Found a transporter.
 32092 | Gauntlet | Found a transporter.
 32096 | Gauntlet | Found a transporter.
 32107 | Gauntlet | Found a transporter.
 32114 | Gauntlet | Found a transporter.
 32124 | Gauntlet | Found a transporter.
 32124 | Gauntlet | Found a transporter.
 32127 | Gauntlet | Found a transporter.
 32154 | Gauntlet | Found a transporter.
 32161 | Gauntlet | Found a transporter.
 32170 | Gauntlet | Found a transporter.
 32179 | Gauntlet | Found a transporter.
 32214 | Gauntlet | Found a transporter.
 32230 | Gauntlet | Found a transporter.
 32326 | Gauntlet | Found a transporter.
 32345 | Gauntlet | Found a transporter.
 32715 | Gauntlet | Identified the amulet of the Past {RegenMP Dex+4}
 32849 | Gauntlet | Identified the +1 helmet "Qaeruj Jade" {Str+4 Int+3}
 32920 | Gauntlet | Identified the +1 robe of Dim Light {rElec rC- Int+5
                  | Slay+3}
 33517 | D:14     | Found a gate to the Vaults.
 34129 | D:14     | Found Feluwor's Magic Scroll Boutique.
 34145 | D:14     | Bought a scroll of blinking for 127 gold pieces
 34145 | D:14     | Bought a scroll of teleportation for 51 gold pieces
 34145 | D:14     | Bought a scroll of fear for 59 gold pieces
 34156 | D:15     | Entered Level 15 of the Dungeon
 34203 | D:15     | Reached skill level 10 in Earth Magic
 34871 | D:15     | Learned a level 7 spell: Ozocubu's Refrigeration
 35206 | D:15     | Reached XP level 16. HP: 78/80 MP: 34/47
 35461 | D:15     | Reached skill level 26 in Spellcasting
 35587 | D:15     | Found a staircase to the Depths.
 35783 | Spider:1 | Entered Level 1 of the Spider Nest
 36799 | Spider:1 | Received a gift from Sif Muna
 36800 | Spider:1 | Got Sif Muna's Reference Book on Dislocation {god gift}
 38089 | Spider:2 | Noticed Arachne
 38268 | Spider:2 | Killed from afar by a meliai

Illustrated notes

Levels and vault maps discovered:
D:1:      minmay_arrival_arboretum_small, layout_basic, roderic_lattice_a,
          st_stairs_9
D:2:      layout_basic, ebering_ecumenical_altar_rust
D:3:      layout_basic, grunt_qazlal_sundering, nicolae_overflow_crystal_walls
D:4:      black_bear_nest_1, layout_basic, led_sif_book, st_stairs_9
D:5:      layout_rooms, grunt_temple_overflow_open,
          minmay_misc_feat_more_columns
D:6:      layout_basic, nicolae_ashenzari_panopticon,
          nicolae_tso_besieged_by_evil, uniq_pikel, uniq_prince_ribbit1
D:7:      layout_cave_pools, mainiacjoe_overflow_two_lobes,
          minmay_temple_entry_statues_pillars, serial_shops, nicolae_shop_stone,
          nrook_uturn, minmay_shop_grid_forest, minmay_misc_feat_alley
D:8:      layout_basic, kennysheep_mini, nicolae_uskayaw_dance_studio,
          hangedman_abyss_or_decor_passed
D:9:      layout_long_grid, mainiacjoe_overflow_24_doors, minmay_statue_bubble,
          uniq_psyche
D:10:     minmay_bloctagon, layout_cave_pools,
          mainiacjoe_overflow_concentric_impassable, david_lair_generic,
          david_orc_3, serial_gnoll_camp, gnoll_camp_mini_hut,
          gnoll_camp_medium_02, gnoll_camp_mini_house, gnoll_camp_mini_hut,
          gnoll_camp_mini_loothouse
D:11:     layout_gridville, minmay_shattered_shrine, uniq_harold, uniq_grum
D:12:     layout_basic, dk_noncrumbling_2, uniq_josephine
D:13:     layout_gridville
D:14:     layout_basic, hangedman_vaults_entry_quadrant_bands, serial_shops,
          shop, gauntlet_entry_generic
D:15:     grunt_enter_depths_magical_seal, layout_irregular_city,
          minmay_misc_feat_five
Lair:1:   layout_cave_pods, nicolae_quartered_pool_medium, lemuel_fruit_fields,
          grunt_megastairs_5, uniq_sonja
Lair:2:   layout_chaotic_city, elwin_shoals_entry_rooms, roderic_carrion_pond,
          grunt_megastairs_1
Lair:3:   layout_roguey, spider_nest_entry_webs
Lair:4:   layout_roguey, chequers_serial_rivers_micro_e, lemuel_fruit_tree
Lair:5:   layout_gridlike, minmay_slime_entry_pillars, serial_bayou_shore_a
Lair:6:   cheibrodos_lair_end_hotspot, layout_gridlike, uniq_urug
Spider:1: layout_spider_delve, hangedman_spider_tarantella_strand
Spider:2: layout_spider_delve, uniq_arachne
Orc:1:    layout_caves
Orc:2:    st_orc_ogre_mass, layout_caves, uniq_snorg

Skill      XL: |  1  2  3  4  5  6  7  8  9 10 11 12 13 14 15 16 |
---------------+-------------------------------------------------+-----
Stealth        | 3 4 5 10 | 10.0
Dodging        | 3 4 5 8 11 12 13 15 | 15.0
Spellcasting   | 4 5 7 9 11 16 18 20 23 24 25 26 | 26.3
Ice Magic      | 5 7 8 10 | 10.0
Conjurations   | 1 2 8 9 |  9.4
Earth Magic    | 1 2 7 10 11 | 11.5
Fighting       | 1 2 |  2.0

Action                   |  1- 3 |  4- 6 |  7- 9 | 10-12 | 13-15 | 16-18 || total
-------------------------+-------+-------+-------+-------+-------+-------++-------
Melee: Unarmed           |     6 |     2 |       |       |       |       ||     8
       Staff             |       |     1 |    10 |    53 |    23 |     1 ||    88
       Punch             |       |       |       |     2 |     1 |       ||     3
 Cast: Freeze            |    64 |   100 |   111 |    25 |       |       ||   300
       Frozen Ramparts   |       |     5 |    18 |    22 |    38 |     4 ||    87
       Stone Arrow       |       |     4 |    73 |   314 |   771 |   106 ||  1268
       Hailstorm         |       |       |     5 |     7 |    18 |       ||    30
       Ozocubu's Armour  |       |       |       |     6 |    45 |    10 ||    61
       Iron Shot         |       |       |       |       |    55 |    22 ||    77
       Ozocubu's Refrige |       |       |       |       |       |     7 ||     7
  Use: Potion            |       |     3 |       |       |       |     3 ||     6
       Scroll            |       |       |     9 |     5 |    16 |     1 ||    31
Armor: Robe              |     7 |    24 |    37 |    63 |   161 |    40 ||   332
Dodge: Dodged            |    38 |    71 |   109 |   275 |   491 |   121 ||  1105
       Repelled          |       |       |     2 |     2 |    13 |     3 ||    20
